 Dungeon Crawl Stone Soup version 0.28-a0-422-gd71735cc25 (webtiles) character file.

Game seed: 14885574783728993581

35 heikuro the Shield-Bearer (level 3, 0/29 HPs)
             Began as a Formicid Fighter on Sept 8, 2021.
             Was a Follower of Trog.
             Succumbed to an adder's poison
             ... on level 1 of the Dungeon.
             The game lasted 00:01:34 (1016 turns).

heikuro the Shield-Bearer (Formicid Fighter)        Turns: 1016, Time: 00:01:35

Health: 0/29       AC:  6    Str: 21    XL:     3   Next: 55%
Magic:  3/3        EV:  9    Int:  7    God:    Trog [*.....]
Gold:   13         SH:  4    Dex: 10    Spells: 2/2 levels left

rFire   . . .      SeeInvis +   a - +0 long sword
rCold   . . .      Faith    .   c - +0 buckler
rNeg    . . .      Spirit   .   b - +0 scale mail
rPois   .          Reflect  .   (helmet unavailable)
rElec   .          Harm     .   (no cloak)
rCorr   .          Rampage  .   (no gloves)
Will    .....                   (no boots)
Stlth   ..........              (no amulet)
HPRegen 0.09/turn               (no ring)
MPRegen 0.08/turn               (no ring)

@: lethally poisoned (0 -> -6)
A: permanent stasis, dig shafts and tunnels, antennae 3, four strong arms
a: Dig, Shaft Self, Renounce Religion


You were on level 1 of the Dungeon.
You worshipped Trog.
Trog was aware of your devotion.
You visited 1 branch of the dungeon, and saw 2 of its levels.

You collected 13 gold pieces.

Inventory:

Hand Weapons
 a - a +0 long sword (weapon)
Armour
 b - a +0 scale mail (worn)
 c - a +0 buckler (worn)
Jewellery
 f - an amulet of magic regeneration
Scrolls
 e - a scroll of magic mapping {unknown}
Potions
 d - a potion of might
 g - a potion of brilliance {unknown}
 h - a potion of heal wounds {unknown}


   Skills:
 + Level 3.6 Fighting
 * Level 2.8 Long Blades
 + Level 3.6 Armour
 + Level 4.0 Shields


You had 2 spell levels left.
You didn't know any spells.
Your spell library was empty.

Dungeon Overview and Level Annotations

Branches:
Dungeon (2/15)

Altars:
Trog


Innate Abilities, Weirdness & Mutations

You cannot be hasted, slowed, berserked, paralysed or teleported.
You can dig through walls and to a lower floor.
You have a pair of large antennae on your head. (SInv)
Your four strong arms can wield two-handed weapons with a shield.


Message History

A mysterious force pulls you upwards. The hatch slams shut behind you.
There is a stone staircase leading down here.
You climb downwards.
The ball python hisses angrily.
The kobold shouts!
Found 14 arrows.
There is a stone staircase leading up here.
The adder bites you.
You are poisoned.
The adder poisons you!
You feel sick. The kobold hits you with a +0 whip. The adder bites you.
You are more poisoned.
The adder poisons you!
You climb upwards.
You feel sick.
There is a stone staircase leading down here.
Unknown command.
You feel sick.
You feel sick. The adder bites you.
You are more poisoned.
The adder poisons you!
You feel sick.
You closely miss the adder.
You feel sick. The adder bites you but does no damage.
You slash the adder!
The adder is almost dead.
You feel sick. The adder barely misses you. The adder closely misses you.
You closely miss the adder.
The adder is almost dead.
You feel sick. The adder bites you.
* * * LOW HITPOINT WARNING * * *
You are lethally poisoned!
The adder poisons you! The adder closely misses you.
You closely miss the adder.
The adder is almost dead.
* * * LOW HITPOINT WARNING * * *
You feel very sick. You block the adder's attack.
You slash the adder!
You kill the adder!
Trog accepts your kill.
You die...

..###.#####.#
#......÷.....# ..#
#.......######.#..#.#######
..###.######..........#.#
.#...## #)#####.##.#.#
.#...# ###.### #.##.#.#
.#...# #.....###>.....##
.#.#.# #.....#K.K......#
.....# #.....#.#.##.##.#
.....#####.....#@#.##.##.#
.....##........#.#....##.#
.....##.####.###.#.(#.##.#
.....##.####.# #.#.......#
##...†....##.###.)....####
######.#.......###.###
#.#.##.##|# #.#
#......##.###.#
##...#........#


You could see a kobold.

Vanquished Creatures
  An adder (D:1)
  A dart slug (D:1)
  2 bats (D:1)
  3 endoplasms (D:1)
  3 goblins (D:1)
  4 hobgoblins (D:1)
  4 jackals (D:1)
  2 ball pythons (D:1)
  2 frilled lizards (D:1)
  6 kobolds (D:1)
  A rat (D:1)
  A spectral hobgoblin (D:1)
30 creatures vanquished.

Notes
Turn   | Place    | Note
-------+----------+-------------------------------------------
     0 | D:1      | heikuro the Formicid Fighter began the quest for the Orb.
     0 | D:1      | Reached XP level 1. HP: 18/18 MP: 1/1
   144 | D:1      | Found a faded altar of an unknown god.
   164 | D:1      | Reached XP level 2. HP: 24/24 MP: 2/2
   178 | D:1      | Became a worshipper of Trog the Wrathful
   178 | D:1      | Reached * piety under Trog
   369 | D:1      | Reached XP level 3. HP: 28/29 MP: 3/3
   567 | D:1      | Reached skill level 4 in Shields
  1015 | D:1      | HP: 1/29 [poisoned by an adder]
  1016 | D:1      | Succumbed to an adder's poison

Illustrated notes

Levels and vault maps discovered:
D:1:      minmay_arrival_jagged, layout_loops_cross,
          dreamdust_ecumenical_altar_drowned_temple
D:2:      layout_basic, eino_curves_01

Skill      XL: |  1  2  3 |
---------------+----------+-----
Shields        | 4 |  4.0
Fighting       | |  3.6
Long Blades    | |  2.8
Armour         | |  3.6

Action                   || total
-------------------------++-------
Melee: Long sword        ||    62
Armor: Scale mail        ||    27
Dodge: Dodged            ||    20
Block: Buckler           ||    15

Table legend: (Time is in decaauts)
 A = Elapsed time spent in this place.
 B = Non-inter-level travel time spent in this place.
 C = Inter-level travel time spent in this place.
 D = Time resting spent in this place.
 E = Time spent auto-exploring this place.
 F = Levels seen in this place.
 G = Mean time per level.
                   A        B        C        D        E       F      G
               +--------+--------+--------+--------+--------+-----+--------+
         Total |   1044 |    973 |     71 |      0 |    743 |   2 |  522.0 |
       Dungeon |   1044 |    973 |     71 |      0 |    743 |   2 |  522.0 |
               +--------+--------+--------+--------+--------+-----+--------+

Top non-repeatable levels by time:
     D:1: 1029 daAuts
     D:2: 15 daAuts
